 Dungeon Crawl Stone Soup version 0.21.1-1-g345015f (webtiles) character file.

1073 Fortress the Covert (level 8, -2/58 HPs)
             Began as a Vampire Assassin on June 5, 2018.
             Was an Initiate of Makhleb.
             Slain by Pikel
             ... wielding a +2 whip of flaming
              (6 damage)
             ... on level 5 of the Dungeon.
             The game lasted 01:10:43 (4896 turns).

Fortress the Covert (Vampire Assassin)              Turns: 4896, Time: 01:10:44

Health: -2/58      AC:  9    Str: 12    XL:     8   Next: 7%
Magic:  8/8        EV: 10    Int: 13    God:    Makhleb [......]
Gold:   290        SH:  0    Dex: 19    Spells: 4/7 levels left

rFire    . . .     SeeInvis +   m - +2 short sword (elec)
rCold    . . .     Gourm    .   (no shield)
rNeg     + . .     Faith    .   h - +3 ring mail
rPois    .         Spirit   .   (no helmet)
rElec    .         Reflect  .   d - +0 cloak
rCorr    .         Harm     .   (no gloves)
MR       .....                  (no boots)
Stlth    ++++......             w - amulet of regeneration
HPRegen  0.59/turn              F - +3 ring of dexterity
MPRegen  0.11/turn              (no ring)

@: no status effects
A: fangs 3, see invisible, unbreathing
a: Bat Form, Renounce Religion


You were on level 5 of the Dungeon.
You worshipped Makhleb.
Makhleb was noncommittal.
You were not thirsty.

You visited 2 branches of the dungeon, and saw 7 of its levels.

You collected 290 gold pieces.

Inventory:

Hand Weapons
 b - a +0 blowgun
 m - a +2 short sword of electrocution (weapon)
 u - a +3 rapier of draining
Missiles
 e - 32 poisoned needles
 f - 2 curare-tipped needles
 l - 108 sling bullets
 q - 128 stones (quivered)
Armour
 d - a +0 cloak (worn)
 h - a +3 ring mail (worn)
Jewellery
 w - an amulet of regeneration (around neck)
 x - an uncursed amulet of guardian spirit
 F - a +3 ring of dexterity (left hand)
Wands
 v - a wand of random effects (24)
 E - a wand of enslavement (16)
Scrolls
 n - 3 scrolls of magic mapping
 o - a scroll of brand weapon {unknown}
 p - 3 scrolls of remove curse
 r - a scroll of blinking
Potions
 a - 2 potions of lignification
 c - a potion of haste
 g - 8 potions of blood
 i - 2 potions of flight
 z - a potion of heal wounds {unknown}
 B - a potion of invisibility {unknown}
 C - a potion of curing {unknown}
Books
 j - a book of Changes

   Spells                             Type                      Level
   a - Beastly Appendage              Transmutation                1
   b - Sticks to Snakes               Transmutation                2
   c - Spider Form                    Transmutation/Poison         3
   d - Ice Form                       Ice/Transmutation            4
   e - Blade Hands                    Transmutation                5
 t - a book of Callings

   Spells                             Type                      Level
   a - Summon Small Mammal            Summoning                    1
   b - Call Imp                       Summoning                    2
   c - Call Canine Familiar           Summoning                    3
   d - Summon Guardian Golem          Hexes/Summoning              3
   e - Summon Lightning Spire         Summoning/Air                4
   f - Summon Ice Beast               Ice/Summoning                4


   Skills:
 + Level 3.5 Fighting
 * Level 7.3 Short Blades
 + Level 3.6 Throwing
 - Level 1.1 Dodging
 + Level 9.1 Stealth


You had 4 spell levels left.
You knew the following spells:

 Your Spells              Type           Power        Failure   Level  Hunger
a - Summon Small Mammal   Summ           #...         56%         1    ##.....
b - Call Imp              Summ           #.......     71%         2    ###....


Dungeon Overview and Level Annotations

Branches:
Dungeon (6/15)             Temple (1/1) D:5

Altars:
Ashenzari
Cheibriados
Dithmenos
Elyvilon
Fedhas
Gozag
Hepliaklqana
Kikubaaqudgha
Makhleb
Nemelex Xobeh
Okawaru
Qazlal
Ru
Sif Muna
Uskayaw
Vehumet
Wu Jian
Xom
Yredelemnul
The Shining One

Annotations:
D:5 Pikel


Innate Abilities, Weirdness & Mutations

You have razor-sharp teeth.
You have supernaturally acute eyesight. (SInv)
You can survive without breathing.


Message History

Pikel closely misses you.
You hit Pikel but do no damage. You bite Pikel, but do no damage.
Pikel is almost dead.
Pikel hits you with a whip of flaming!
* * * LOW HITPOINT WARNING * * *
Pikel burns you.
* * * LOW HITPOINT WARNING * * *
You closely miss Pikel.
Pikel is almost dead.
You closely miss Pikel.
Pikel is almost dead.
Pikel says, "Wow, you'd add a bit of variety to my gang!"
Pikel zaps a wand.
You easily resist.
You hit Pikel but do no damage.
Pikel is almost dead.
Pikel zaps a wand.
You easily resist.
You closely miss Pikel.
Pikel is almost dead.
Pikel hits you with a whip of flaming.
You die...

#...######
#.........
#....%....
##.#[#####
#.#[..>.. ***
##[#[####.
**,*############
#...<# #.
*,,,.p..(ppppK.#
#..#.# #.
**,*##########@#
####..#.# ## *,*
#.# ##.<...#.#
**,**
#.###......#.#
**,,,**
#............##
*,,,,,*****
#.###.........#
*,,,,,,,,,* #.#
##...####.#
*,,,,,***,*
###+#####.## *,*
**,,,**
*,**#.....# #.#
*,* *****
*,,,#.⌠.⌠.###.#
*,*


You could see Pikel and 4 slaves.

Vanquished Creatures
  Grinder (D:4)
  Eustachio (D:4)
  2 ogres (D:4)
  Blork the orc (D:4)
  A bullfrog (D:5)
  An orc priest (D:5)
  A hound (D:5)
  4 orc wizards
  2 worker ants (D:4)
  A gnoll (D:1)
  5 adders
  An ooze (D:4)
  3 adder skeletons
  5 worms
  A leopard gecko (D:4)
  30 orcs
  6 bats
  A giant cockroach (D:3)
  4 goblins
  10 hobgoblins
  13 jackals
  4 kobolds
  3 quokkas
  2 frilled lizards
  A jackal skeleton (D:4)
  6 rats
110 creatures vanquished.

Notes
Turn   | Place    | Note
-------+----------+-------------------------------------------
     0 | D:1      | Fortress the Vampire Assassin began the quest for the Orb.
     0 | D:1      | Reached XP level 1. HP: 16/16 MP: 1/1
    63 | D:1      | Reached skill level 6 in Stealth
   193 | D:1      | Reached XP level 2. HP: 21/22 MP: 2/2
   509 | D:1      | Reached skill level 7 in Stealth
   509 | D:1      | Reached XP level 3. HP: 27/27 MP: 3/3
  1630 | D:3      | Reached XP level 4. HP: 15/33 MP: 4/4
  2353 | D:4      | Noticed Eustachio
  2358 | D:4      | Killed Eustachio
  2358 | D:4      | Reached XP level 5. HP: 33/39 MP: 5/5
  2358 | D:4      | Reached XP level 6. HP: 39/46 MP: 6/6
  2559 | D:4      | Learned a level 1 spell: Summon Small Mammal
  2562 | D:4      | Learned a level 2 spell: Call Imp
  2712 | D:3      | Reached skill level 5 in Short Blades
  2992 | D:3      | Found a deep blue altar of Sif Muna.
  3247 | D:4      | Reached skill level 8 in Stealth
  3265 | D:4      | Reached XP level 7. HP: 52/52 MP: 7/7
  3308 | D:5      | Entered Level 5 of the Dungeon
  3412 | D:4      | Noticed Blork the orc
  3421 | D:4      | Killed Blork the orc
  3748 | D:4      | Noticed Grinder
  3769 | D:4      | Killed Grinder
  4225 | D:5      | Reached skill level 9 in Stealth
  4230 | D:5      | Reached XP level 8. HP: 58/58 MP: 8/8
  4638 | D:5      | Found an ancient bone altar of Kikubaaqudgha.
  4638 | D:5      | Found a radiant altar of Vehumet.
  4713 | D:5      | Found a staircase to the Ecumenical Temple.
  4720 | Temple   | Entered the Ecumenical Temple
  4840 | Temple   | Became a worshipper of Makhleb the Destroyer
  4870 | D:5      | Noticed Pikel
  4896 | D:5      | Slain by Pikel

Skill      XL: |  1  2  3  4  5  6  7 |
---------------+----------------------+-----
Stealth        | 6 7 8 9 |  9.1
Fighting       | 2 3 |  3.5
Throwing       | 2 3 |  3.6
Short Blades   | 4 5 7 |  7.3
Dodging        | |  1.1

Action                   |  1- 3 |  4- 6 |  7- 9 || total
-------------------------+-------+-------+-------++-------
Melee: Dagger            |   111 |    31 |       ||   142
       Bite              |     8 |    11 |     8 ||    27
       Short sword       |       |    84 |   113 ||   197
 Fire: Blowgun           |    20 |    10 |    17 ||    47
Throw: Stone             |     5 |     4 |       ||     9
 Abil: End Transformatio |     1 |       |       ||     1
       Bat Form          |     1 |       |       ||     1
  Use: Scroll            |     3 |     6 |     7 ||    16
       Potion            |       |     2 |     4 ||     6
 Stab: Sleeping          |     5 |     9 |     1 ||    15
       Distracted        |     1 |       |       ||     1
  Eat: Corpse            |     2 |     3 |       ||     5
Armor: Ring mail         |    37 |    29 |    28 ||    94
Dodge: Dodged            |    41 |    28 |    48 ||   117
